 Dungeon Crawl Stone Soup version 0.18.1-48-g4cf74bf (webtiles) character file.

92 Gargoyl the Skirmisher (level 4, -4/37 HPs)
             Began as a Demonspawn Abyssal Knight on Sept 6, 2016.
             Was a Believer of Lugonu.
             Slain by a gnoll
             ... wielding a +0 whip
              (7 damage)
             ... on level 2 of the Dungeon.
             The game lasted 00:04:06 (2348 turns).

Gargoyl the Skirmisher (Demonspawn Abyssal Knight)  Turns: 2348, Time: 00:04:07

Health: -4/37      AC:  7    Str: 11 (14) XL:     4   Next: 35%
Magic:  5/5        EV: 16    Int: 11 (13) God:    Lugonu [**....]
Gold:   115        SH:  0    Dex: 20 (22) Spells: 0 memorised, 3 levels left

rFire  . . .     SeeInvis .     a - +1 hand axe
rCold  . . .     Gourm    .     d - +1 ring mail
rNeg   . . .     Faith    .     (no shield)
rPois  .         Spirit   .     (no helmet)
rElec  .         Dismiss  .     (no cloak)
rCorr  .         Reflect  .     (no gloves)
SustAt .         Harm     .     (no boots)
MR     .....                    (no amulet)
Stlth  ++........               (no ring)
                                i - +5 ring of dexterity

@: agile, not resistant to hostile enchantments, unstealthy
A: icy blue scales 1
a: Depart the Abyss, Bend Space, Renounce Religion


You were on level 2 of the Dungeon.
You worshipped Lugonu.
Lugonu was pleased with you.
You were not hungry.

You visited 1 branch of the dungeon, and saw 2 of its levels.
You visited the Abyss 1 time.

You collected 115 gold pieces.

Inventory:

Hand Weapons
 a - a +1 hand axe (weapon)
Armour
 d - a +1 ring mail (worn)
Jewellery
 i - a +5 ring of dexterity (left hand)
Wands
 m - a wand of random effects (7/48)
Scrolls
 b - a scroll of enchant armour
 f - a scroll of remove curse
 q - a scroll of blinking {unknown}
Potions
 e - a potion of degeneration
 h - a potion of lignification {unknown}
 j - a potion of curing
 n - a potion of brilliance {unknown}
Books
 o - Sif Muna's Guide on Creation
   (You found it on level 2 of the Dungeon)

   Spells                             Type                      Level
   a - Summon Butterflies             Summoning                    1
Comestibles
 c - a bread ration
 k - 2 fruits
 l - a meat ration


   Skills:
 + Level 3.8 Fighting
 + Level 2.1 Axes
 * Level 3.0 Armour
 + Level 1.3 Dodging
 + Level 2.6 Invocations


You had 3 spell levels left.
You didn't know any spells.

Dungeon Overview and Level Annotations

Branches:
Dungeon (2/15)

Altars:
Kikubaaqudgha
Sif Muna
Vehumet
Xom


Innate Abilities, Weirdness & Mutations

You are partially covered in icy blue scales (AC +1).


Message History

You hit the gnoll.
The gnoll is severely wounded.
You hit the gnoll.
You kill the gnoll!
Lugonu accepts your kill. The gnoll hits you with a whip.
* * * LOW HITPOINT WARNING * * *
You hit the gnoll but do no damage.
The gnoll is severely wounded.
The gnoll completely misses you.
You closely miss the gnoll.
The gnoll is severely wounded.
The gnoll hits you but does no damage.
You hit the gnoll.
The gnoll is almost dead.
The gnoll closely misses you.
You barely miss the gnoll.
The gnoll is almost dead.
The gnoll completely misses you. The gnoll hits you with a whip!
You die...

#...#.........##
#############.#
#............#
#.############
#.#.. #.#.#
#.#.# #.#g#
#.†@# #.#.#
#####


You could see a gnoll.

Vanquished Creatures
  2 gnolls (D:2)
  An adder (D:2)
  3 oozes
  A worm (D:2)
  A dart slug (D:1)
  5 giant cockroaches
  4 goblins
  4 hobgoblins
  6 kobolds
  A quokka (D:2)
  2 ball pythons
  4 bats (D:2)
  4 giant newts
  8 rats (D:1)
46 creatures vanquished.

Notes
Turn   | Place    | Note
--------------------------------------------------------------
     0 | Abyss:1  | Gargoyl the Demonspawn Abyssal Knight began the quest for the Orb.
     0 | Abyss:1  | Reached XP level 1. HP: 18/18 MP: 2/2
    23 | Abyss:2  | Noticed an ancient zyme
    73 | Abyss:2  | Noticed a green draconian
    75 | D:1      | Escaped the Abyss
   120 | D:1      | Reached skill level 1 in Dodging
   273 | D:1      | Gained mutation: You are partially covered in icy blue scales (AC +1). [demonic ancestry]
   273 | D:1      | Reached XP level 2. HP: 9/24 MP: 3/3
   281 | D:1      | Reached * piety under Lugonu
   726 | D:1      | Reached XP level 3. HP: 25/29 MP: 4/4
  1815 | D:2      | Found a shimmering altar of Xom.
  1904 | D:2      | Reached ** piety under Lugonu
  2028 | D:2      | Found an ancient bone altar of Kikubaaqudgha.
  2029 | D:2      | Found a deep blue altar of Sif Muna.
  2031 | D:2      | Found a radiant altar of Vehumet.
  2036 | D:2      | Identified Sif Muna's Guide on Creation
  2273 | D:2      | Reached XP level 4. HP: 37/37 MP: 5/5
  2348 | D:2      | Slain by a gnoll

Skill      XL: |  1  2  3  4 |
---------------+-------------+-----
Armour         | 2 3 |  3.0
Dodging        | 1 |  1.3
Axes           | 2 |  2.1
Fighting       | |  3.8
Invocations    | |  2.6

Action                   |  1- 3 |  4- 6 || total
-------------------------+-------+-------++-------
Melee: Hand axe          |    97 |    19 ||   116
       Spear             |    93 |       ||    93
Invok: Depart the Abyss  |     1 |       ||     1
  Use: Scroll            |     7 |       ||     7
       Potion            |       |     3 ||     3
  Eat: Chunk             |     5 |       ||     5
Armor: Ring mail         |    98 |    11 ||   109
Dodge: Dodged            |   112 |    21 ||   133
